 Dungeon Crawl Stone Soup version 0.23.1 (webtiles) character file.

Game seed: 0

6967 night the Brawler (level 10, -1/90 HPs)
             Began as a Troll Fighter on Mar 7, 2019.
             Was a Follower of Nemelex Xobeh.
             Slain by a manticore (19 damage)
             ... on level 11 of the Dungeon.
             The game lasted 00:23:20 (7884 turns).

night the Brawler (Troll Fighter)                   Turns: 7884, Time: 00:23:21

Health: -1/90      AC:  7    Str: 27    XL:     10   Next: 81%
Magic:  13/19      EV:  8    Int:  4    God:    Nemelex Xobeh [*.....]
Gold:   1336       SH:  9    Dex:  9    Spells: 9/9 levels left

rFire    . . .     SeeInvis .     - Unarmed
rCold    + . .     Gourm    +   b - +0 shield
rNeg     . . .     Faith    .   a - +0 robe
rPois    .         Spirit   .   (helmet restricted)
rElec    .         Reflect  .   (no cloak)
rCorr    .         Harm     .   (gloves unavailable)
MR       .....                  (boots unavailable)
Stlth    +.........             (no amulet)
HPRegen  0.65/turn              s - ring of protection from cold
MPRegen  0.16/turn              L - ring of magical power

@: barbed spikes, starving
A: large, unfitting armour, antennae 1, claws 3, talons 1, rugged brown scales
1, fast metabolism 3, gourmand, regeneration 1, shaggy fur 1, tough skin 3, weak
1
a: Draw Escape, Draw Destruction, Draw Summoning, Renounce Religion


You were on level 11 of the Dungeon.
You worshipped Nemelex Xobeh.
Nemelex Xobeh was aware of your devotion.
You were starving.

You visited 2 branches of the dungeon, and saw 12 of its levels.
You also visited: Ossuary and Bailey.

You collected 1446 gold pieces.
You spent 110 gold pieces at shops.

Inventory:

Hand Weapons
 m - a +0 hunting sling
Missiles
 e - 245 stones (quivered)
 p - 29 sling bullets
 E - 30 tomahawks of returning
Armour
 a - a +0 robe (worn)
 b - a +0 shield (worn)
Jewellery
 s - a ring of protection from cold (left claw)
 K - an uncursed ring of ice
 L - a ring of magical power (right claw)
Wands
 l - a wand of acid (13)
 v - a wand of clouds (4)
 H - a wand of disintegration (7)
Scrolls
 h - 17 scrolls of identify {unknown}
 i - 2 scrolls of amnesia {unknown}
 j - 4 scrolls of enchant armour {unknown}
 k - 3 scrolls of remove curse
 o - 2 scrolls of fear
 q - a scroll of brand weapon {unknown}
 u - 3 scrolls of blinking {unknown}
 w - a scroll of noise {unknown}
 y - 2 scrolls of random uselessness {unknown}
 A - 3 scrolls of enchant weapon {unknown}
 D - a scroll of immolation {unknown}
 G - 2 scrolls of teleportation
 I - a scroll of fog {unknown}
Potions
 c - 5 potions of might
 f - a potion of magic {unknown}
 g - 4 potions of degeneration
 n - 5 potions of heal wounds
 r - 3 potions of haste
 t - 4 potions of curing {unknown}
 x - 3 potions of berserk rage {unknown}
 z - 3 potions of agility {unknown}
 B - a potion of flight
 C - 2 potions of mutation
 F - 2 potions of brilliance {unknown}
 J - a potion of lignification {unknown}
Comestibles
 d - 35 rations


   Skills:
 - Level 2.4 Fighting
 - Level 2.4 Dodging
 - Level 2.4 Shields
 * Level 15.5 Unarmed Combat
 + Level 2.4 Invocations


You had 9 spell levels left.
You didn't know any spells.
Your spell library contained the following spells:

 Spells                   Type           Power        Failure   Level  Hunger
 Animate Skeleton         Necr           N/A          93%         1    ##.....
 Apportation              Tloc           #.....       93%         1    ##.....
 Confusing Touch          Hex            #.....       93%         1    ##.....
 Sting                    Conj/Pois      #...         93%         1    ##.....
 Summon Small Mammal      Summ           #...         93%         1    ##.....
 Poisonous Vapours        Pois/Air       #.....       98%         2    ###....
 Mephitic Cloud           Conj/Pois/Air  #.......     100%        3    ####...
 Olgreb's Toxic Radiance  Pois           #.......     100%        4    #####..
 Bolt of Magma            Conj/Fire/Erth #.........   100%        5    ######.
 Iskenderun's Battlesphe  Conj/Chrm      #.......     100%        5    ######.
 Venom Bolt               Conj/Pois      #.........   100%        5    ######.
 Iron Shot                Conj/Erth      #.........   100%        6    #######
 Orb of Destruction       Conj           #.........   100%        7    #######
 Spellforged Servitor     Conj/Summ      #.........   100%        7    #######


Dungeon Overview and Level Annotations

Branches:
Dungeon (11/15)            Temple (1/1) D:7            Lair (0/6) D:10
    Orc (0/2) D:9

Altars:
Ashenzari
Cheibriados
Dithmenos
Elyvilon
Fedhas
Gozag
Hepliaklqana
Kikubaaqudgha
Makhleb
Nemelex Xobeh
Okawaru
Qazlal
Ru
Sif Muna
Trog
Uskayaw
Vehumet
Wu Jian
Xom
Yredelemnul
Zin
The Shining One

Shops:
D:8 *

Annotations:
D:3 1 exclusion


Innate Abilities, Weirdness & Mutations

You are too large for most types of armour.
You have claws for hands.
Your metabolism is lightning-fast.
You like to eat raw meat.
Your natural rate of healing is unusually fast.
You are covered in fur. (AC +1)
You have extremely tough skin. (AC +3)
You have a pair of small antennae on your head.
You have sharp toenails.
You are partially covered in rugged brown scales. (AC +1, +3% HP)
You are weak. (Str -2)


Message History

You block the manticore's attack.
The manticore claws you but does no damage.
The manticore claws you!
You barely miss the manticore.
The manticore is heavily wounded.
You block the manticore's attack. x3
You claw the manticore! You claw the manticore.
The manticore is almost dead.
The manticore bites you! The manticore claws you!
* * * LOW HITPOINT WARNING * * *
The manticore claws you!
* * * LOW HITPOINT WARNING * * *
Your shield prevents you from hitting the manticore.
The manticore is almost dead.
You scratch the manticore but do no damage.
Your kick misses the manticore.
The manticore is almost dead.
The manticore bites you!!
You die...
Your body glows slightly and disappears.

######
##....?#################
......†@....>...........
##....H####.....########
#..... #.....# #.....
#..... #.....# #.####
....... .......# #.#...
####### ###.....# #.#.##
#.....# #)#... ##..###
#.#### #..# #[)...


You could see a manticore.

Vanquished Creatures
  A two-headed ogre (D:9)
  An oklob plant (D:10)
  Psyche (D:9)
  2 hornets
  A troll (D:9)
  3 hippogriffs
  5 yaks (D:9)
  A soldier ant (D:8)
  An ice beast (D:5)
  A sky beast (D:5)
  7 orc warriors
  5 ogres
  A centaur (D:10)
  2 big kobolds
  3 bullfrogs
  2 scorpions (D:5)
  A wyvern skeleton (D:11)
  4 howler monkeys
  A bullfrog zombie (D:10)
  2 centaur zombies
  5 crimson imps
  3 quasits
  A lava snake (D:7)
  6 orc priests
  2 centaur skeletons (D:6)
  5 hounds
  Jessica (D:2)
  3 iguanas
  Ijyb (D:3)
  9 orc wizards
  6 worker ants
  A big kobold zombie (Ossuary)
  8 mummies (Ossuary)
  A worker ant zombie (D:5)
  Robin (D:3)
  8 gnolls
  7 adders
  3 shadow imps (D:5)
  An ooze (D:3)
  2 adder skeletons (D:8)
  2 worms
  A dart slug (D:1)
  5 leopard geckos
  22 orcs
  4 ball pythons
  A giant cockroach (D:3)
  5 gnoll zombies
  12 goblins
  6 hobgoblins
  6 jackals
  4 quokkas
  6 bats
  6 frilled lizards
  A hobgoblin zombie (Ossuary)
  15 kobolds
  3 kobold zombies (Ossuary)
  A quokka skeleton (D:7)
  7 rats
226 creatures vanquished.

Vanquished Creatures (others)
  A wizard (D:4)
1 creature vanquished.

Grand Total: 227 creatures vanquished

Notes
Turn   | Place    | Note
-------+----------+-------------------------------------------
     0 | D:1      | night the Troll Fighter began the quest for the Orb.
     0 | D:1      | Reached XP level 1. HP: 22/22 MP: 0/0
   156 | D:1      | Reached XP level 2. HP: 29/29 MP: 1/1
   281 | D:1      | Reached skill level 3 in Unarmed Combat
   647 | D:2      | Reached XP level 3. HP: 35/36 MP: 2/2
   720 | D:2      | Reached skill level 4 in Unarmed Combat
   887 | D:2      | Noticed Jessica
   900 | D:2      | Killed Jessica
   900 | D:2      | Reached XP level 4. HP: 44/44 MP: 3/3
  1050 | D:2      | Found a stormy altar of Qazlal.
  1613 | D:3      | Noticed Ijyb
  1622 | D:3      | Killed Ijyb
  1622 | D:3      | Reached skill level 5 in Unarmed Combat
  1787 | D:3      | Found a sacrificial altar of Ru.
  1931 | D:3      | Noticed Robin
  1933 | D:3      | Reached XP level 5. HP: 50/50 MP: 4/4
  1975 | D:3      | Killed Robin
  2184 | D:3      | Found a shadowy altar of Dithmenos.
  2467 | D:4      | Reached skill level 6 in Unarmed Combat
  2523 | D:4      | Noticed an ogre
  2529 | D:4      | Killed an ogre
  2529 | D:4      | Reached XP level 6. HP: 59/59 MP: 5/5
  2593 | D:4      | Reached skill level 7 in Unarmed Combat
  2714 | D:4      | Found a bloodstained altar of Trog.
  2715 | D:4      | Noticed a wizard
  2720 | D:4      | Killed a wizard
  2855 | D:4      | Reached XP level 7. HP: 66/66 MP: 6/6
  2984 | D:5      | Entered Level 5 of the Dungeon
  3030 | D:5      | Reached skill level 8 in Unarmed Combat
  3053 | D:5      | Found a sand-covered staircase.
  3075 | Ossuary  | Entered an ossuary
  3099 | Ossuary  | Gained mutation: You are weak. (Str -2) [potion of
                  | mutation]
  3099 | Ossuary  | Gained mutation: You have a pair of small antennae on your
                  | head. [potion of mutation]
  3099 | Ossuary  | Gained mutation: You are partially covered in rugged brown
                  | scales. (AC +1, +3% HP) [potion of mutation]
  3099 | Ossuary  | Gained mutation: You have sharp toenails. [potion of
                  | mutation]
  3201 | Ossuary  | Reached skill level 9 in Unarmed Combat
  3604 | D:5      | Reached XP level 8. HP: 73/76 MP: 7/7
  3783 | D:5      | Reached skill level 10 in Unarmed Combat
  4199 | D:6      | Found a snail-covered altar of Cheibriados.
  4236 | D:6      | Found a radiant altar of Vehumet.
  4291 | D:6      | Reached skill level 11 in Unarmed Combat
  4371 | D:6      | Noticed a hornet
  4372 | D:6      | Found a bloodstained altar of Trog.
  4382 | D:6      | Killed a hornet
  4485 | D:6      | Noticed a hippogriff
  4490 | D:6      | Killed a hippogriff
  4490 | D:6      | Reached XP level 9. HP: 82/82 MP: 8/8
  4505 | D:6      | Reached skill level 12 in Unarmed Combat
  4516 | D:6      | Found an opulent altar of Gozag.
  4571 | D:6      | You fall through a shaft for 3 floors!
  4603 | D:9      | Reached skill level 13 in Unarmed Combat
  4716 | D:9      | Noticed a troll
  4723 | D:9      | Killed a troll
  4951 | D:9      | Noticed a two-headed ogre
  4959 | D:9      | Killed a two-headed ogre
  4959 | D:9      | Reached skill level 14 in Unarmed Combat
  4959 | D:9      | Reached XP level 10. HP: 90/90 MP: 9/9
  5007 | D:9      | Noticed Psyche
  5012 | D:9      | Killed Psyche
  5022 | D:9      | Found a staircase to the Orcish Mines.
  5253 | D:7      | Found a staircase to the Ecumenical Temple.
  5268 | Temple   | Entered the Ecumenical Temple
  5336 | Temple   | Became a worshipper of Nemelex Xobeh the Trickster
  5352 | D:7      | Received a gift from Nemelex Xobeh
  5470 | D:7      | Found a flagged portal.
  5495 | Bailey   | Entered a bailey
  5747 | Bailey   | Found a bloodstained altar of Trog.
  6340 | D:8      | Found a deep blue altar of Sif Muna.
  6347 | D:8      | Reached * piety under Nemelex Xobeh
  6350 | D:8      | Found Poheb's General Store.
  6362 | D:8      | Bought 7 tomahawks of returning for 77 gold pieces
  6362 | D:8      | Bought a scroll of teleportation for 33 gold pieces
  6413 | D:8      | Reached skill level 15 in Unarmed Combat
  6720 | D:8      | Found a hazy altar of Hepliaklqana.
  6970 | D:9      | Found a basalt altar of Yredelemnul.
  7047 | D:10     | Entered Level 10 of the Dungeon
  7081 | D:10     | Found a staircase to the Lair.
  7081 | D:10     | Noticed an oklob plant
  7091 | D:10     | Killed an oklob plant
  7091 | D:10     | Reached skill level 1 in Invocations
  7300 | D:10     | Received a gift from Nemelex Xobeh
  7357 | D:10     | Found a burning altar of Makhleb.
  7357 | D:10     | Noticed an orange demon
  7364 | D:10     | Noticed a rust devil
  7866 | D:11     | Noticed a manticore
  7884 | D:11     | Slain by a manticore

Skill      XL: |  1  2  3  4  5  6  7  8  9 10 |
---------------+-------------------------------+-----
Unarmed Combat | 3 4 5 6 7 9 11 14 15 | 15.5
Invocations    | 2 |  2.4
Fighting       | |  2.4
Dodging        | |  2.4
Shields        | |  2.4

Action                   |  1- 3 |  4- 6 |  7- 9 | 10-12 || total
-------------------------+-------+-------+-------+-------++-------
Melee: Unarmed           |    83 |   139 |   206 |   181 ||   609
       Kick              |       |       |    49 |    45 ||    94
Evoke: Wand              |       |       |     5 |     2 ||     7
  Use: Potion            |       |     3 |     3 |       ||     6
       Scroll            |       |       |     3 |     1 ||     4
 Stab: Sleeping          |     1 |     1 |       |       ||     2
  Eat: Chunk             |    14 |    16 |    21 |    16 ||    67
Armor: Robe              |    27 |    56 |    51 |    52 ||   186
Dodge: Dodged            |    17 |    46 |    54 |    56 ||   173
Block: Shield            |    23 |    58 |    74 |   100 ||   255
